 Dungeon Crawl Stone Soup version 0.29-a0-275-g389c0b56f3 (webtiles) character file.

Game seed: 17323347517408229545

648 sokol815 the Covert (level 7, -3/43 (45) HPs)
             Began as an Octopode Gladiator on Mar 11, 2022.
             Was an Initiate of Wu Jian.
             Slain by a wight
             ... wielding a +0 morningstar
              (13 damage)
             ... on level 6 of the Dungeon.
             The game lasted 00:08:32 (3340 turns).

sokol815 the Covert (Octopode Gladiator)            Turns: 3340, Time: 00:08:33

HP:   -3/43 (45)    AC:  2    Str: 13    XL:     7   Next: 53%
MP:   7/7           EV: 13    Int: 13    God:    Wu Jian [......]
Gold: 204           SH:  0    Dex: 13    Spells: 3/6 levels left

rFire   . . .      SeeInvis .   a - +0 rapier
rCold   . . .      Faith    .   (no shield)
rNeg    . . .      Spirit   .   b - +1 hat
rPois   .          Reflect  .   m - amulet of regeneration
rElec   .          Harm     .   (no ring)
rCorr   .          Rampage  .   (no ring)
Will    .....                   (no ring)
Stlth   +++++.....              (no ring)
HPRegen 0.94/turn               (no ring)
MPRegen 0.10/turn               (no ring)
                                (no ring)
                                (no ring)

@: lightly drained
A: almost no armour, amphibious, 8 rings, camouflage 1, gelatinous body 1,
(nimble swimmer 1), tentacles
a: Renounce Religion


You were on level 6 of the Dungeon.
You worshipped Wu Jian.
Wu Jian was noncommittal.
You visited 2 branches of the dungeon, and saw 7 of its levels.

You collected 204 gold pieces.

Inventory:

Hand Weapons
 a - a +0 rapier (weapon)
 g - a +0 hunting sling
   (You took it off a goblin on level 4 of the Dungeon)
 k - a +2 vorpal hand axe
   (You took it off an orc on level 5 of the Dungeon)
Missiles
 c - 3 throwing nets {!d}
 d - a javelin
 e - 6 boomerangs
 l - 7 poisoned darts
 s - 143 stones
Armour
 b - a +1 hat (worn)
 j - an orb of light
   (You found it on level 1 of the Dungeon)
Magical Staves
 f - a staff of poison {rPois}
   (You found it on level 1 of the Dungeon)
Jewellery
 m - an amulet of regeneration (around mantle)
   (You found it on level 2 of the Dungeon)
 p - an amulet of reflection
   (You found it on level 2 of the Dungeon)
Wands
 i - a wand of iceblast (13)
   (You found it on level 4 of the Dungeon)
 q - a wand of flame (15)
   (You found it on level 2 of the Dungeon)
 y - a wand of mindburst (14)
   (You found it on level 2 of the Dungeon)
Scrolls
 o - a scroll of amnesia
 Y - a scroll of teleportation {@r3}
Potions
 n - a potion of curing {unknown}
 G - a potion of ambrosia {!q}
 M - a potion of magic
 N - a potion of heal wounds {@q2}


   Skills:
 - Level 2.0 Fighting
 - Level 3.0 Short Blades
 - Level 2.0 Throwing
 - Level 3.0 Dodging
 + Level 8.4 Stealth
 + Level 3.3 Conjurations
 + Level 3.3 Fire Magic


You had 3 spell levels left.
You knew the following spells:

 Your Spells              Type           Power      Damage    Failure   Level
c - Conjure Flame         Conj/Fire      8%         6-21      24%         3

Your spell library contained the following spells:

 Spells                   Type           Power      Damage    Failure   Level
 Ensorcelled Hibernation  Hex/Ice        0%         N/A       43%         2
 Ignite Poison            Fire/Tmut/Pois 2%         N/A       52%         3
 Spider Form              Tmut/Pois      0%         N/A       67%         3
 Sticky Flame             Conj/Fire      8%         2d3       61%         4
 Anguish                  Hex/Necr       0%         N/A       97%         4


Dungeon Overview and Level Annotations

Branches:
Dungeon (6/15)             Temple (1/1) D:5

Altars:
Ashenzari
Cheibriados
Dithmenos
Elyvilon
Fedhas
Makhleb
Nemelex Xobeh
Okawaru
Ru
Vehumet
Wu Jian
Xom
Yredelemnul

Shops:
D:2 (=

Annotations:
D:4 exclusion: jelly, Natasha
D:5 Ijyb


Innate Abilities, Weirdness & Mutations

You cannot wear most types of armour.
You are amphibious.
You can wear up to eight rings at the same time.
Your skin changes colour to match your surroundings (Stealth+).
Your rubbery body absorbs attacks. (AC +1, EV +1)
((You are camouflaged when in or above water. (Stealth+)))
You have tentacles for arms and can constrict up to eight enemies at once.


Message History

You hit the black bear but do no damage.
You grab the black bear. You squeeze the black bear.
You constrict the black bear. The black bear barely misses you.
The black bear claws you. x2
You take 4 damage, and have 41/45 hp.
You hit the black bear. You constrict the black bear. The black bear bites you!
The black bear claws you. The black bear closely misses you.
You take 10 damage, and have 31/45 hp.
MASSIVE DAMAGE!!
You hit the black bear. You constrict the black bear.
The black bear barely misses you. The black bear completely misses you.
The black bear claws you.
You take 3 damage, and have 28/45 hp.
You hit the black bear but do no damage.
You constrict the black bear. The black bear misses you.
The black bear claws you. The black bear barely misses you.
You hit the black bear.
You kill the black bear!
The Council accepts your kill.
There is an open door, spattered with blood here.
Items here: ))) [ ††.
Okay, then.
n - an inky potion You regained 2 hp, and now have 33/45 hp.
s - 143 stones (gained 15)
You regained 2 hp, and now have 39/45 hp.
As you read the scroll labelled MEOKLI MI CIMM, it crumbles to dust.
The scroll dissolves into smoke.
It was a scroll of fog.
Found a stone staircase leading down.
Health restored: 45
h - a scroll labelled QAMNALI URAUCA
As you read the scroll labelled QAMNALI URAUCA, it crumbles to dust.
You hear a loud clanging noise!
It was a scroll of noise.
You hear an angry hiss. x2; You hear a bellow! x4
You open the door.
There is an open door here.
There is an open door here.
An adder comes into view.
No target in view!
No target in view!
The adder hisses angrily.
You hit the adder. Your grab misses the adder.
The adder bites you but does no damage. The adder barely misses you.
You closely miss the adder. Your grab misses the adder. The adder bites you.
You take 3 damage, and have 42/45 hp.
You closely miss the adder. You grab the adder. You constrict the adder.
The adder bites you.
You take 2 damage, and have 40/45 hp.
You hit the adder. You constrict the adder. The adder bites you. x2
You take 4 damage, and have 36/45 hp.
You barely miss the adder. You constrict the adder.
The adder bites you but does no damage.
You barely miss the adder. You constrict the adder.
You kill the adder!
The Council accepts your kill.
No target in view!
A wight comes into view. It is wielding a +0 war axe.
Health restored: 45 A wight comes into view.
It is wielding a +0 morningstar.
A wight comes into view. It is wielding a +0 hand axe.
You lunge at the wight.
You hit the wight but do no damage. Your grab misses the wight.
Your squeeze misses the wight. The wight closely misses you.
You hit the wight but do no damage. You grab the wight.
Your squeeze misses the wight.
You constrict the wight, but do no damage.
The wight closely misses you.
You hit the wight.
You squeeze the wight, but do no damage.
You constrict the wight, but do no damage.
The wight closely misses you.
An iguana comes into view.
You hit the wight. You constrict the wight. The wight misses you.
You hit the wight but do no damage. You constrict the wight.
The wight hits you with a +0 war axe.
The wight hits you with a +0 morningstar!
The wight completely misses you.
You take 11 damage, and have 34/45 hp.
MASSIVE DAMAGE!!
You release your grip on the wight.
The wight attacks as you move away! The wight closely misses you.
The wight attacks as you move away!
The wight hits you with a +0 morningstar!
You take 7 damage, and have 28/45 hp.
The wight attacks as you move away! The wight hits you with a +0 war axe.
You take 5 damage, and have 23/45 hp.
Unknown command.
The wight attacks as you move away! The wight hits you with a +0 war axe!
* * * LOW HITPOINT WARNING * * *
You take 10 damage, and have 13/45 hp.
MASSIVE DAMAGE!!
The wight attacks as you move away! The wight hits you with a +0 war axe.
* * * LOW HITPOINT WARNING * * *
You feel drained.
You take 4 damage, and have 9/43 hp.
Unknown command.
The wight attacks as you move away!
The wight hits you with a +0 morningstar!
You die...

..........# #.#
..#######'#####.# ..#
#..........# ...#.. ..#
#..........# .#...#. ..#
#..........# .#..... ###
#>.........## .....# ####
#...........# .....#. ...#
#...........# .......
...###..........@###+##.......
.................zzz.l.....^..
..#######+#######.†.....#+##..
..# #.......# ).# #.......#
..# #..###### ..# #..# ..#
#..# ..# #..#


You could see an iguana and 3 wights.

Vanquished Creatures
  A wyvern (D:6)
  A black bear (D:6)
  A scorpion (D:5)
  A howler monkey (D:5)
  A hound (D:3)
  A jelly (D:5)
  An orc priest (D:4)
  An iguana (D:5)
  2 orc wizards (D:5)
  8 adders
  A worm (D:2)
  2 dart slugs (D:4)
  10 orcs
  5 endoplasms
  A giant cockroach (D:2)
  7 goblins
  5 hobgoblins
  7 ball pythons
  8 bats
  3 frilled lizards (D:2)
  6 kobolds
  A rat (D:2)
74 creatures vanquished.

Notes
Turn   | Place    | Note
-------+----------+-------------------------------------------
     0 | D:1      | sokol815 the Octopode Gladiator began the quest for the
                  | Orb.
     0 | D:1      | Reached XP level 1. HP: 14/14 MP: 1/1
   206 | D:1      | Reached skill level 1 in Stealth
   368 | D:1      | Reached skill level 2 in Stealth
   503 | D:1      | Found a faded altar of an unknown god.
   529 | D:1      | Reached XP level 2. HP: 19/19 MP: 2/2
  1044 | D:2      | Reached skill level 3 in Stealth
  1292 | D:2      | Found Ebeneh's Weapon Shop.
  1300 | D:2      | Reached skill level 4 in Stealth
  1300 | D:2      | Reached XP level 3. HP: 24/24 MP: 3/3
  1534 | D:2      | Found Qoeklath's Jewellery Emporium.
  1668 | D:2      | Reached skill level 5 in Stealth
  1811 | D:3      | Reached XP level 4. HP: 29/29 MP: 4/4
  1831 | D:3      | Reached skill level 6 in Stealth
  1851 | D:2      | HP: 7/29 [poisoned by an adder]
  1900 | D:3      | Reached XP level 5. HP: 34/34 MP: 5/5
  2234 | D:4      | Learned a level 3 spell: Conjure Flame
  2314 | D:4      | Noticed Natasha
  2839 | D:5      | Entered Level 5 of the Dungeon
  2842 | D:5      | Reached skill level 7 in Stealth
  2842 | D:5      | Reached skill level 1 in Conjurations
  2842 | D:5      | Reached skill level 1 in Fire Magic
  2847 | D:4      | Reached XP level 6. HP: 30/39 MP: 6/6
  2949 | D:5      | Reached skill level 2 in Conjurations
  2949 | D:5      | Reached skill level 2 in Fire Magic
  2985 | D:5      | Found a staircase to the Ecumenical Temple.
  2985 | D:5      | Noticed a yak
  2985 | D:5      | Noticed a yak
  3013 | Temple   | Entered the Ecumenical Temple
  3079 | Temple   | Became a worshipper of the Wu Jian Council
  3182 | D:5      | Noticed a yak
  3185 | D:5      | Noticed a yak
  3187 | D:5      | Noticed a yak
  3210 | D:5      | Noticed Ijyb
  3231 | D:6      | Noticed a wyvern
  3235 | D:6      | Killed a wyvern
  3236 | D:6      | Reached skill level 8 in Stealth
  3236 | D:6      | Reached skill level 3 in Conjurations
  3236 | D:6      | Reached skill level 3 in Fire Magic
  3236 | D:6      | Reached XP level 7. HP: 45/45 MP: 7/7
  3338 | D:6      | HP: 8/45 [wight/+0 war axe (5)]
  3340 | D:6      | Slain by a wight

Illustrated notes

Levels and vault maps discovered:
D:1:      evilmike_arrival_grusome_pit, layout_loops_corners,
          dreamdust_ecumenical_altar_angels_and_demons, minmay_misc_feat_cross,
          hangedman_decor_diamond_cutter
D:2:      layout_loops_ring, serial_shops, nicolae_diamond_shop,
          nicolae_shop_trees
D:3:      layout_basic
D:4:      layout_loops_cross, uniq_natasha
D:5:      layout_rooms, minmay_temple_entry_mini_moons, grunt_ministairs_14,
          chequers_serial_rivers_large_a, kennysheep_nondescript,
          nicolae_zen_rock_garden, uniq_ijyb
D:6:      layout_basic, mainiacjoe_overflow_chevrons, minmay_door_square,
          grunt_ministairs_1, kennysheep_big_empty_room, uniq_crazy_yiuf_cottage
Temple:   cyrus_circular_temple

Skill      XL: |  1  2  3  4  5  6 |
---------------+-------------------+-----
Stealth        | 2 4 5 6 7 8 |  8.4
Conjurations   | 1 3 |  3.3
Fire Magic     | 1 3 |  3.3
Fighting       | |  2.0
Short Blades   | |  3.0
Throwing       | |  2.0
Dodging        | |  3.0

Action                   |  1- 3 |  4- 6 |  7- 9 || total
-------------------------+-------+-------+-------++-------
Melee: Rapier            |    64 |    64 |    23 ||   151
       Constrict         |     8 |    13 |     6 ||    27
       Punch             |     1 |     4 |     1 ||     6
       Tentacles         |     7 |    11 |     3 ||    21
Throw: Javelin           |     1 |       |       ||     1
Invok: Lunge             |       |     2 |     1 ||     3
Evoke: Wand              |       |     2 |       ||     2
  Use: Scroll            |       |     9 |     2 ||    11
 Stab: Sleeping          |    16 |    11 |       ||    27
Armor: Skin              |     5 |     5 |     2 ||    12
Dodge: Dodged            |    31 |    26 |    16 ||    73

Table legend: (Time is in decaauts)
 A = Elapsed time spent in this place.
 B = Non-inter-level travel time spent in this place.
 C = Inter-level travel time spent in this place.
 D = Time resting spent in this place.
 E = Time spent auto-exploring this place.
 F = Levels seen in this place.
 G = Mean time per level.
                   A        B        C        D        E       F      G
               +--------+--------+--------+--------+--------+-----+--------+
         Total |   3350 |   3195 |    155 |    169 |   2408 |   7 |  478.6 |
       Dungeon |   3275 |   3142 |    133 |    169 |   2366 |   6 |  545.8 |
        Temple |     74 |     52 |     22 |      0 |     42 |   1 |   74.0 |
               +--------+--------+--------+--------+--------+-----+--------+

Top non-repeatable levels by time:
     D:1: 1002 daAuts
     D:2: 833 daAuts
     D:4: 628 daAuts
     D:3: 396 daAuts
     D:5: 300 daAuts
     D:6: 114 daAuts
  Temple: 74 daAuts

Table legend:
 A = Kills in this place as a percentage of kills in entire the game.
 B = Kills by you in this place as a percentage of kills by you in the entire game.
 C = Kills by friends in this place as a percentage of kills by friends in the entire game.
 D = Other kills in this place as a percentage of other kills in the entire game.
 E = Experience gained in this place as a percentage of experience gained in the entire game.
 F = Experience gained in this place divided by the number of levels of this place that you have seen.
                   A       B       C       D       E      F
               +-------+-------+-------+-------+-------+----------------------
         Total | 100.0 | 100.0 |   N/A |   N/A | 100.0 | 132.3
       Dungeon | 100.0 | 100.0 |   N/A |   N/A | 100.0 | 154.3
               +-------+-------+-------+-------+-------+----------------------
